 Dungeon Crawl Stone Soup version 0.20-a0-251-g16a58bf (webtiles) character file.

9236 KristoblXynda the Destroyer (level 11, -6/82 HPs)
             Began as a Yellow Draconian Venom Mage on Nov 30, 2016.
             Was a Priest of Vehumet.
             Mangled by a troll (7 damage)
             ... on level 1 of the Orcish Mines.
             The game lasted 00:33:46 (13132 turns).

KristoblXynda the Destroyer (DrVM)                 Turns: 13132, Time: 00:33:47

Health: -6/82      AC: 11    Str: 10    XL:     11   Next: 20%
Magic:  8/20       EV: 12    Int: 22    God:    Vehumet [***...]
Gold:   666        SH:  5    Dex: 11    Spells: 18/22 levels left

rFire  + . .     SeeInvis .     x - staff of energy
rCold  . . .     Gourm    .     (armour unavailable)
rNeg   . . .     Faith    .     t - +0 buckler
rPois  +         Spirit   .     G - +2 hat {MR+}
rElec  .         Reflect  .     v - +0 cloak
rCorr  +         Harm     .     A - +0 pair of gloves
MR     ++...                    (no boots)
Stlth  ++........               (no amulet)
                                g - ring of poison resistance
                                j - +2 ring of intelligence

@: very slightly contaminated
A: spit acid, acid resistance, unfitting armour, talons 1, fire resistance 1,
magic resistance 1, cold-blooded, AC +7
a: Breathe Acid, Renounce Religion


You were on level 1 of the Orcish Mines.
You worshipped Vehumet.
Vehumet was most pleased with you.
You were hungry.

You visited 3 branches of the dungeon, and saw 13 of its levels.

You collected 718 gold pieces.
You spent 52 gold pieces at shops.

Inventory:

Hand Weapons
 D - a +0 scimitar of flaming
Missiles
 I - a throwing net (quivered)
Armour
 t - a +0 buckler (worn)
 v - a +0 cloak (worn)
 A - a +0 pair of gloves (worn)
 G - a +2 hat of magic resistance (worn)
Magical Staves
 x - an uncursed staff of energy (weapon)
Jewellery
 g - a ring of poison resistance (right hand)
 h - an uncursed ring of resist corrosion {unknown}
 i - an uncursed ring of see invisible
 j - a +2 ring of intelligence (left hand)
 o - an uncursed ring of flight
 u - an uncursed ring of positive energy
Wands
 m - a wand of confusion (20/48)
 q - a wand of iceblast (9/15)
 C - a wand of iceblast (0/15)
 F - a wand of iceblast (0/15)
Scrolls
 d - 3 scrolls of immolation
 y - 2 scrolls of remove curse
Potions
 e - a potion of flight
 f - 2 potions of might
 n - 3 potions of brilliance
 r - 2 potions of mutation
 s - 3 potions of lignification
 w - 4 potions of cure mutation
 z - a potion of agility {unknown}
 B - a potion of resistance {unknown}
Books
 a - a Young Poisoner's Handbook

   Spells                             Type                      Level
   a - Sting                          Conjuration/Poison           1
   b - Mephitic Cloud                 Conjuration/Poison/Air       3
   c - Olgreb's Toxic Radiance        Poison                       4
   d - Alistair's Intoxication        Transmutation/Poison         5
   e - Venom Bolt                     Conjuration/Poison           5
 l - a book of Cantrips

   Spells                             Type                      Level
   a - Confusing Touch                Hexes                        1
   b - Animate Skeleton               Necromancy                   1
   c - Summon Small Mammal            Summoning                    1
   d - Apportation                    Translocation                1
Comestibles
 b - 3 bread rations
 c - 12 royal jellies
 k - a meat ration


   Skills:
 - Level 3.2 Fighting
 - Level 1.7 Dodging
 - Level 1.7 Stealth
 - Level 6.6 Shields
 - Level 4.1 Unarmed Combat
 - Level 6.2 Spellcasting
 + Level 9.9 Conjurations
 + Level 4.7 Air Magic
 - Level 5.0 Poison Magic
 + Level 7.6 Evocations


You had 18 spell levels left.
You knew the following spells:

 Your Spells              Type           Power        Failure   Level  Hunger
b - Mephitic Cloud        Conj/Pois/Air  #####...     1%          3    None
c - Shock                 Conj/Air       ####         1%          1    None


Dungeon Overview and Level Annotations

Branches:
Dungeon (11/15)            Temple (1/1) D:5            Lair (0/6) D:9
    Orc (1/2) D:9

Altars:
Ashenzari
Cheibriados
Dithmenos
Elyvilon
Fedhas
Gozag
Hepliaklqana
Kikubaaqudgha
Makhleb
Nemelex Xobeh
Okawaru
Qazlal
Ru
Sif Muna
Trog
Uskayaw
Vehumet
Xom
Yredelemnul
Zin
The Shining One

Shops:
D:4 (   D:8 *

Annotations:
D:10 exclusion: orange crystal statue


Innate Abilities, Weirdness & Mutations

You can spit globs of acid.
You are resistant to acid.
Your golden yellow scales are hard. (AC +7)
You cannot fit into any form of body armour.
You are cold-blooded and may be slowed by cold attacks.
You have sharp toenails.
Your flesh is heat resistant. (rF+)
You are resistant to hostile enchantments. (MR+)


Message History

* * * LOW HITPOINT WARNING * * *
The troll barely misses you. The troll claws you.
* * * LOW HITPOINT WARNING * * *
The orc warrior hits itself with a flail!
The cyclops is engulfed in noxious fumes.
The cyclops is engulfed in noxious fumes.
Okay, then.
Okay, then.
Casting: Mephitic Cloud
Confirm with . or Enter, or press ? or * to list all spells.
Okay, then.
Casting: Mephitic Cloud
Confirm with . or Enter, or press ? or * to list all spells.
Aiming: Mephitic Cloud
Press: ? - help, Shift-Dir - straight line, f/p - cyclops
Aim: a cyclops (lightly wounded, confused)
You miscast Mephitic Cloud.
You are very lightly contaminated with residual magic.
Sparks fly from your hands! The troll bites you!
You die...

#............#...##
#..#.............#
#........#......##
.#.......#........#
........#.#......##
.....).†........#.##
..............$....##
..#.................#
.....C><........@..####
..............ToT####.##
.............>..O.##...##
....#C.......§.C§..#..#.##
..........#.....o(.......#
........#.$.....($(.....#
##.....#.....o..o(.o...##
##C.......#.o..o...#.##
...........(####


You could see a cyclops (confused), 2 trolls, 2 orc warriors, an ogre, an orc
wizard and 4 orcs.

Vanquished Creatures
  Gastronok (D:9)
  Erica (D:8)
  An unseen horror (D:10)
  An ugly thing (D:10)
  Maurice (D:11)
  A centaur zombie (D:10)
  A troll (D:9)
  Grinder (D:6)
  A two-headed ogre (D:8)
  2 hippogriffs (D:9)
  Sigmund (D:5)
  7 yaks (D:9)
  The ghost of danny2772 the Slasher, an amateur HuGl (D:4)
  2 sky beasts
  An orc warrior (D:6)
  A phantom (D:7)
  2 black bears
  A necrophage (D:9)
  2 ogres
  3 centaurs
  A crocodile (D:11)
  A big kobold (D:8)
  7 bullfrogs
  A gnoll sergeant (D:9)
  4 killer bees (D:8)
  A howler monkey (D:5)
  6 crimson imps
  3 orc priests
  A bullfrog skeleton (D:6)
  5 hounds
  5 jellies
  3 iguanas
  4 orc wizards
  8 worker ants
  A worker ant zombie (D:7)
  5 gnolls (D:9)
  14 adders
  7 oozes
  5 worms
  7 dart slugs
  8 leopard geckos
  18 orcs
  6 giant cockroaches
  9 hobgoblins
  A jackal (D:2)
  2 quokkas
  2 ball pythons
  8 bats
  5 frilled lizards
  A giant cockroach zombie (D:6)
  6 goblins
  13 kobolds
  A leopard gecko skeleton (D:6)
  10 rats
211 creatures vanquished.

Notes
Turn   | Place    | Note
-------+----------+-------------------------------------------
     0 | D:1      | KristoblXynda the Draconian Venom Mage began the quest for the Orb.
     0 | D:1      | Reached XP level 1. HP: 14/14 MP: 3/3
   284 | D:1      | Reached XP level 2. HP: 20/20 MP: 1/5
  1164 | D:1      | Reached skill level 1 in Conjurations
  1312 | D:1      | Reached XP level 3. HP: 19/26 MP: 2/6
  1495 | D:2      | Found a glowing silver altar of Zin.
  1684 | D:2      | Found a radiant altar of Vehumet.
  1694 | D:2      | Became a worshipper of Vehumet
  2006 | D:2      | Reached XP level 4. HP: 33/33 MP: 4/8
  2458 | D:2      | Reached skill level 2 in Conjurations
  2567 | D:2      | Learned a level 3 spell: Mephitic Cloud
  3432 | D:3      | Reached * piety under Vehumet
  3432 | D:3      | Offered knowledge of Shock by Vehumet.
  3432 | D:3      | Reached skill level 5 in Poison Magic
  3435 | D:3      | Learned a level 1 spell: Shock
  3667 | D:3      | Reached XP level 5. HP: 35/38 MP: 4/9
  3725 | D:3      | Reached skill level 1 in Air Magic
  4091 | D:3      | Found a hazy altar of Hepliaklqana.
  4558 | D:4      | Noticed a black bear
  4567 | D:4      | Killed a black bear
  4567 | D:4      | Reached skill level 3 in Conjurations
  4567 | D:4      | Reached XP level 6. HP: 45/45 MP: 0/11
  5041 | D:4      | Found Sarphe's Weapon Emporium.
  5074 | D:4      | Noticed danny2772's ghost (amateur HuGl)
  5131 | D:4      | Killed danny2772's ghost
  5131 | D:4      | Your scales start taking on a golden yellow colour.
  5131 | D:4      | Reached XP level 7. HP: 50/50 MP: 13/13
  5324 | D:4      | Found a deep blue altar of Sif Muna.
  5456 | D:5      | Entered Level 5 of the Dungeon
  5475 | D:5      | Noticed Sigmund
  5512 | D:5      | Offered knowledge of Flame Tongue by Vehumet.
  5531 | D:5      | Killed Sigmund
  5531 | D:5      | Reached skill level 1 in Unarmed Combat
  5531 | D:5      | Reached skill level 4 in Conjurations
  5816 | D:5      | Found a glowing golden altar of the Shining One.
  5923 | D:5      | Reached ** piety under Vehumet
  6092 | D:5      | Found a bloodstained altar of Trog.
  6197 | D:5      | Reached skill level 5 in Spellcasting
  6567 | D:5      | Found a staircase to the Ecumenical Temple.
  6672 | Temple   | Entered the Ecumenical Temple
  7353 | D:6      | Reached skill level 5 in Conjurations
  7396 | D:6      | Reached XP level 8. HP: 56/57 MP: 11/15
  7482 | D:6      | Noticed Grinder
  7518 | D:6      | Killed Grinder
  7746 | D:6      | Offered knowledge of Static Discharge by Vehumet.
  7750 | D:6      | Reached skill level 1 in Shields
  8649 | D:7      | Reached skill level 6 in Conjurations
  9183 | D:8      | Reached skill level 1 in Evocations
  9197 | D:8      | Noticed Erica
  9208 | D:8      | Killed Erica
  9208 | D:8      | Reached XP level 9. HP: 53/62 MP: 6/18
  9314 | D:8      | Reached skill level 7 in Conjurations
  9317 | D:8      | Reached *** piety under Vehumet
  9426 | D:8      | Found a stormy altar of Qazlal.
  9694 | D:8      | Found Jujibyufiwk's Assorted Antiques.
  9702 | D:8      | Bought a scroll of identify for 52 gold pieces
  9797 | D:8      | Reached skill level 5 in Shields
  9799 | D:8      | Offered knowledge of Inner Flame by Vehumet.
 10280 | D:9      | Noticed a troll
 10292 | D:9      | Killed a troll
 10387 | D:9      | Noticed Gastronok
 10413 | D:9      | Killed Gastronok
 10413 | D:9      | Reached skill level 8 in Conjurations
 10413 | D:9      | Reached skill level 5 in Evocations
 10413 | D:9      | Reached XP level 10. HP: 55/69 MP: 7/19
 10568 | D:9      | Found a staircase to the Lair.
 10607 | D:9      | Reached skill level 1 in Fighting
 10608 | D:9      | Reached skill level 9 in Conjurations
 11178 | D:9      | Found a staircase to the Orcish Mines.
 11591 | D:10     | Entered Level 10 of the Dungeon
 11591 | D:10     | Noticed a green ugly thing
 11846 | D:10     | Noticed an unseen horror
 11855 | D:10     | Killed an unseen horror
 11855 | D:10     | Reached XP level 11. HP: 67/82 MP: 11/20
 12347 | D:10     | Noticed an orange crystal statue
 12594 | D:10     | Killed a green ugly thing
 12599 | D:10     | Gained mutation: You have sharp toenails. [mutagenic meat]
 12600 | D:10     | Gained mutation: You are resistant to hostile enchantments. (MR+) [mutagenic meat]
 12601 | D:10     | Gained mutation: Your flesh is heat resistant. (rF+) [mutagenic meat]
 12839 | D:11     | Noticed Maurice
 12850 | D:11     | Killed Maurice
 13071 | Orc:1    | Entered Level 1 of the Orcish Mines
 13130 | Orc:1    | HP: 4/82 [troll (14)]
 13130 | Orc:1    | HP: 1/82 [troll (3)]
 13132 | Orc:1    | Mangled by a troll

Vault maps used:
D:1:      dpeg_arrival_radiant
D:2:      lemuel_coloured_pillars_altar, zin_academy, first_bread,
          serial_bayou_lake_a
D:3:      lemuel_round_altar
D:4:      black_bear_nest_1, kennysheep_mini_moat, serial_shops,
          nicolae_shop_crystal
D:5:      basic_altar, lemuel_tele_altar, uniq_sigmund
D:6:      uniq_grinder
D:8:      nicolae_qazlal_general_emergency, serial_glass, glass_columns_a,
          glass_columns_c, serial_shops, shop, hangedman_little_slice_of_home,
          uniq_erica
D:9:      dpeg_oklobed_lair, orc_0_dummy, uniq_gastronok
D:10:     minivault_15, roderic_greek_sauvastika
D:11:     uniq_snorg, uniq_maurice
Temple:   eino_temple_scatter_basement
Orc:1:    nicolae_volcano_entry_hallway, nicolae_orc_rockfall, trog_book

Skill      XL: |  1  2  3  4  5  6  7  8  9 10 11 |
---------------+----------------------------------+-----
Conjurations   | 1 2 3 5 6 8 9 |  9.9
Spellcasting   | 3 4 5 6 |  6.2
Poison Magic   | 5 |  5.0
Air Magic      | 2 3 4 |  4.7
Unarmed Combat | 2 4 |  4.1
Shields        | 3 6 |  6.6
Evocations     | 3 5 7 |  7.6
Fighting       | 3 |  3.2
Dodging        | |  1.7
Stealth        | |  1.7

Action                   |  1- 3 |  4- 6 |  7- 9 | 10-12 || total
-------------------------+-------+-------+-------+-------++-------
Melee: Unarmed           |    67 |    55 |   118 |    43 ||   283
       Tailslap          |    10 |     2 |    13 |    10 ||    35
       Punch             |       |       |     3 |       ||     3
       Staff             |       |       |       |     8 ||     8
       Kick              |       |       |       |     2 ||     2
 Cast: Sting             |    68 |   131 |    42 |       ||   241
       Mephitic Cloud    |       |     1 |    15 |    16 ||    32
       Shock             |       |     2 |   220 |   183 ||   405
 Abil: Breathe Acid      |       |       |     3 |     3 ||     6
Evoke: Wand              |       |       |     4 |     8 ||    12
  Use: Scroll            |       |     9 |     6 |     7 ||    22
       Potion            |       |     1 |     2 |     3 ||     6
 Stab: Distracted        |     1 |       |       |       ||     1
       Confused          |       |       |     5 |       ||     5
  Eat: Chunk             |     4 |     8 |     9 |    10 ||    31
       Royal jelly       |       |     1 |     1 |       ||     2
       Fruit             |       |       |     5 |       ||     5
       Pizza             |       |       |     1 |       ||     1
       Beef jerky        |       |       |       |     1 ||     1
Armor: Skin              |    24 |    30 |    65 |    56 ||   175
Dodge: Dodged            |    53 |    44 |    92 |    75 ||   264
Block: Buckler           |       |       |    12 |    42 ||    54
